Map: Alcyone LE

Players

commandeR - Winner!

  • Race: Protoss Protoss
  • League: Diamond
  • Spawn Location: 7:00

电脑难度(新手)

  • Race: Protoss Protoss
  • Spawn Location: 1:00

VOD

Have the link to the VOD?

Description

Time

  • Played on: Oct. 8, 2024, 5:10 a.m.
  • Length: 5:16
Show
View Real Time Build Order
Export as new Build Order

commandeR Protoss - Winner!

Build Orders:  

Get SALT Encoding   

  12  0:00  Probe  
  13  0:12  Probe  
  14  0:17  Pylon  
  14  0:24  Probe  
  15  0:37  Probe (Chrono Boost)  
  15  0:39  Gateway  
  16  0:48  Probe (Chrono Boost)  
  17  0:50  Assimilator  
  17  0:53  Probe (Chrono Boost)  
  17  0:56  Assimilator  
  18  1:04  Probe  
  19  1:16  Probe  
  20  1:19  Gateway  
  20  1:27  Cybernetics Core  
  20  1:36  Gateway  
  20  1:45  Pylon  
  20  2:03  Adept (Chrono Boost)  
  20  2:04  Adept (Chrono Boost)  
  20  2:07  Shield Battery  
  24  2:09  Shield Battery  
  24  2:15  Pylon  
  24  2:27  Adept x2  
  28  2:41  Stargate  
  28  2:57  Adept x2  
  32  3:17  Pylon  
  36  3:28  Void Ray (Chrono Boost)  
  36  3:33  Adept  
  38  3:35  Adept  
  44  4:05  Void Ray (Chrono Boost)  
  44  4:32  Pylon  
Show
View Real Time Build Order
Export as new Build Order

电脑难度(新手) Protoss 

Build Orders:  

Get SALT Encoding   

  12  0:00  Probe  
  13  0:13  Probe  
  14  0:19  Pylon  
  14  0:36  Assimilator  
  14  0:42  Gateway  
  14  0:45  Pylon  
  14  1:13  Assimilator  
  14  1:15  Probe  
  14  1:23  Probe  
  15  1:32  Probe  
  16  1:33  Cybernetics Core  
  17  1:42  Probe  
  18  1:54  Probe  
  18  1:59  Warp Gate  
  19  2:02  Probe  
  20  2:09  Stalker  
  22  4:04  Stalker  
  22  4:06  Pylon  
  20  4:24  Probe  
  16  4:32  Zealot  
  16  4:36  Probe  
  13  4:48  Probe  
  7  5:00  Probe  
  7  5:01  Stalker  
Tags
 
League
Diamond
Matchup
PvP
Spawn Locations
Cross Positions
Add a new tag
Caveats
  • Supply blocks, unpowered buildings, or Contaminate may cause inaccurate times.
  • Supply counts are checked every 10 seconds.